 Dungeon Crawl Stone Soup version 0.31-b1-17-gcfd88c8481 (webtiles) character file.

Game seed: 15058541504087452868

105 Arctor the Ruffian (level 4, 0/32 HPs)
             Began as a Gnoll Shapeshifter on Jan 15, 2024.
             Slain by Natasha (4 damage)
             ... on level 2 of the Dungeon.
             The game lasted 00:02:44 (960 turns).

Arctor the Ruffian (Gnoll Shapeshifter)              Turns: 960, Time: 00:02:44

Health: 0/32       AC:  2    Str: 16    XL:     4   Next: 83%
Magic:  5/5        EV: 17    Int:  9    God:
Gold:   85         SH:  0    Dex: 11    Spells: 5/5 levels left

rFire   + .          .
                       - Unarmed
rCold   + . .        (shield currently unavailable)
rNeg    . . .        a - melded +0 animal skin
rPois   +            k - +0 helmet
rElec   +            (no cloak)
rCorr   +            (no gloves)
SInv    .            h - +0 pair of boots
Will    .....        (no amulet)
Stlth   +            (no ring)
HPRegen 0.25/turn    (no ring)
MPRegen 0.09/turn

%: no passive effects
@: flux-form, resistant, glowing
A: glow, contaminating, reduced hp, fangs 1, strong nose, distributed training
a: Begin Untransformation


You were on level 2 of the Dungeon.
You were something dangerously unstable.
You visited 1 branch of the dungeon, and saw 2 of its levels.

You collected 85 gold pieces.

Inventory:

Armour
 a - a +0 animal skin (melded)
 h - a +0 pair of boots (worn)
 k - a +0 helmet (worn)
Talismans
 c - a beast talisman
 d - a flux talisman (active)
Scrolls
 e - 3 scrolls of revelation {unknown}
 f - a scroll of teleportation {unknown}
 g - a scroll of identify {unknown}
 i - a scroll of immolation
Potions
 b - a potion of lignification


   Skills:
 + Level 2.8 Fighting
 + Level 1.3 Short Blades
 + Level 1.3 Long Blades
 + Level 1.3 Axes
 + Level 1.3 Maces & Flails
 + Level 1.3 Polearms
 + Level 1.3 Staves
 + Level 1.3 Ranged Weapons
 + Level 1.3 Throwing
 + Level 1.3 Armour
 + Level 4.7 Dodging
 + Level 1.3 Stealth
 + Level 1.3 Shields
 + Level 6.6 Unarmed Combat
 + Level 1.3 Spellcasting
 + Level 1.0 Conjurations
 + Level 1.0 Hexes
 + Level 1.0 Summonings
 + Level 1.0 Necromancy
 + Level 1.0 Translocations
 + Level 1.0 Fire Magic
 + Level 1.0 Ice Magic
 + Level 1.0 Air Magic
 + Level 1.0 Earth Magic
 + Level 1.0 Alchemy
 + Level 1.4 Invocations
 + Level 1.3 Evocations
 + Level 6.6 Shapeshifting


You had 5 spell levels left.
You didn't know any spells.
Your spell library contained the following spells:

 Spells                   Type           Power      Damage    Failure   Level
 Sublimation of Blood     Necr           2%         N/A       34%         2
 Petrify                  Alch/Erth      2%         N/A       93%         4
 Irradiate                Conj/Alch      1%         3d12      100%        5


Dungeon Overview and Level Annotations

Branches:
Dungeon (2/15)

Altars:

Annotations:
D:2 Natasha


Innate Abilities, Weirdness & Mutations

You are something dangerously unstable.
You glow with magical radiation, making you easy to see and hit.
Foes you strike become dangerously contaminated with magical radiation.
Your maximum health is decreased, since you lack skill for your form.
You are incapable of wielding weapons or throwing items.
You have very sharp teeth.
Your uncanny sense of smell can sniff out nearby items.
Your experience applies equally to all skills.


Message History

Things that are here:
a +0 dagger of flaming; a hobgoblin corpse; a goblin corpse You hit the hobgoblin.
The hobgoblin begins to glow.
The hobgoblin is heavily wounded.
The hobgoblin hits you.
You hit the hobgoblin.
You kill the hobgoblin!
No target in view!
No target in view!
Natasha, Servant of Life and Death comes into view.
She is carrying a wand of flame.
Items here: ))) [[ ††.
Natasha is nearby!
Natasha is nearby!
Natasha zaps a wand.
The puff of flame hits you!
You are too injured to fight recklessly!
You are too injured to fight recklessly!
It was a potion of resistance.
You feel protected.
You are too injured to fight recklessly!
You are too injured to fight recklessly!
Natasha zaps a wand.
The puff of flame hits you. You resist.
* * * LOW HITPOINT WARNING * * *
Natasha closely misses you.
You hit Natasha.
Natasha begins to glow.
Natasha is lightly wounded.
Natasha closely misses you.
You closely miss Natasha.
Natasha is lightly wounded.
Natasha zaps a wand.
The puff of flame hits you. You resist.
* * * LOW HITPOINT WARNING * * *
You hit Natasha.
Natasha glows dangerously bright.
Natasha is heavily wounded.
Natasha misses you.
You hit Natasha.
Natasha shudders as magic cascades through her.
Natasha twists and deforms.
Natasha is heavily wounded.
Natasha claws you.
You die...
Natasha curls up and begins to purr.

.# ∆..# .# ..## .# ..#
.## #.####### ..#
#....... ∆ ..# #.#... #
..#####.#.## .#
.........?.#######..####
.........#..))..ph......
............).......####
#######.###.###.##!.#
#.# #.# #.# ..# #.# #.#
#.# .# #.# #.# #.# .#
#.# ..# #.# .∆ #.. ..#
##


You could see Natasha (misshapen).

Vanquished Creatures
  Natasha (twice) (D:2)
  Robin (D:2)
  2 ribbon worms (D:2)
  A dart slug (D:1)
  A ball python (D:1)
  3 endoplasms
  A giant cockroach (D:2)
  7 goblins
  8 hobgoblins
  A quokka (D:1)
  3 bats (D:1)
  2 kobolds (D:1)
  4 rats (D:1)
36 creatures vanquished.

Notes
Turn   | Place    | Note
-------+----------+-------------------------------------------
     0 | D:1      | Arctor the Gnoll Shapeshifter began the quest for the Orb.
     0 | D:1      | Reached XP level 1. HP: 17/17 MP: 1/1
   156 | D:1      | Reached XP level 2. HP: 20/23 MP: 2/2
   489 | D:1      | Reached XP level 3. HP: 28/28 MP: 3/3
   757 | D:2      | Found a faded altar of an unknown god.
   862 | D:2      | Noticed Natasha
   867 | D:2      | Killed Natasha
   868 | D:2      | Reached skill level 1 in Short Blades
   868 | D:2      | Reached skill level 1 in Long Blades
   868 | D:2      | Reached skill level 1 in Axes
   868 | D:2      | Reached skill level 1 in Maces & Flails
   868 | D:2      | Reached skill level 1 in Polearms
   868 | D:2      | Reached skill level 1 in Staves
   868 | D:2      | Reached skill level 1 in Ranged Weapons
   868 | D:2      | Reached skill level 1 in Throwing
   868 | D:2      | Reached skill level 1 in Armour
   868 | D:2      | Reached skill level 1 in Stealth
   868 | D:2      | Reached skill level 1 in Shields
   868 | D:2      | Reached skill level 1 in Spellcasting
   868 | D:2      | Reached skill level 1 in Invocations
   868 | D:2      | Reached skill level 1 in Evocations
   868 | D:2      | Reached XP level 4. HP: 34/34 MP: 5/5
   910 | D:2      | Noticed Robin
   918 | D:2      | Killed Robin
   926 | D:2      | Reached skill level 1 in Conjurations
   926 | D:2      | Reached skill level 1 in Hexes
   926 | D:2      | Reached skill level 1 in Summonings
   926 | D:2      | Reached skill level 1 in Necromancy
   926 | D:2      | Reached skill level 1 in Translocations
   926 | D:2      | Reached skill level 1 in Fire Magic
   926 | D:2      | Reached skill level 1 in Ice Magic
   926 | D:2      | Reached skill level 1 in Air Magic
   926 | D:2      | Reached skill level 1 in Earth Magic
   926 | D:2      | Reached skill level 1 in Alchemy
   936 | D:2      | Noticed Natasha
   941 | D:2      | Killed Natasha
   951 | D:2      | Noticed Natasha
   960 | D:2      | Slain by Natasha

Illustrated notes

Levels and vault maps discovered:
D:1:      minmay_arrival_jagged, layout_basic
D:2:      layout_loops_ring, hellmonk_ecumenical_altar_blasted, serial_glass,
          glass_columns_a, glass_columns_c, grunt_decor_mini_mirrors,
          uniq_robin, uniq_crazy_yiuf_cottage, uniq_natasha

Skill      XL: |  1  2  3  4 |
---------------+-------------+-----
Short Blades   | 1 |  1.3
Long Blades    | 1 |  1.3
Axes           | 1 |  1.3
Maces & Flails | 1 |  1.3
Polearms       | 1 |  1.3
Staves         | 1 |  1.3
Ranged Weapons | 1 |  1.3
Throwing       | 1 |  1.3
Armour         | 1 |  1.3
Stealth        | 1 |  1.3
Shields        | 1 |  1.3
Spellcasting   | 1 |  1.3
Invocations    | 1 |  1.4
Evocations     | 1 |  1.3
Conjurations   | 1 |  1.0
Hexes          | 1 |  1.0
Summonings     | 1 |  1.0
Necromancy     | 1 |  1.0
Translocations | 1 |  1.0
Fire Magic     | 1 |  1.0
Ice Magic      | 1 |  1.0
Air Magic      | 1 |  1.0
Earth Magic    | 1 |  1.0
Alchemy        | 1 |  1.0
Fighting       | |  2.8
Dodging        | |  4.7
Unarmed Combat | |  6.6
Shapeshifting  | |  6.6

Action                     |  1- 3 |  4- 6 || total
---------------------------+-------+-------++-------
  Melee: Unarmed           |    55 |    32 ||    87
         Bite              |     6 |     1 ||     7
         Punch             |     1 |       ||     1
Ability: Begin Untransform |     1 |     1 ||     2
    Use: Potion            |       |     1 ||     1
 Armour: Animal skin       |    24 |     4 ||    28
         Skin              |       |    10 ||    10
  Dodge: Dodged            |    28 |    16 ||    44
   Form: Beast             |     1 |       ||     1
         Flux              |       |     1 ||     1
